AoeStats
← CrookCrab8029

Black Forest

508365758Analyzed
4v4 RM · 10d ago on Sep 22, 2026· 65m 21s· 8 players
Game mode
Random Map
Map size
Large (8 player)
Population
200
Speed
Normal
Resources
Standard
Victory
Conquest
Starting age
Dark Age
Ending age
Imperial Age
RankedLock teamsTeams togetherTeam positionsShared explorationLock speedFull tech treeHidden civsTurbo modeCheats
Victory
Defeat
🇨🇦 Poles · Canada
1006
+20
🇵🇪 Spanish · Peru
996
+20
🇵🇪 Franks · Peru
992
+20
🇺🇸 Goths · United States
982
+21
🇲🇽 Vikings · Mexico
1222
-26
🇲🇽 Mongols · Mexico
1120
-21
🇲🇽 Wu · Mexico
1073
-20
🇲🇽 Huns · Mexico
930
-14
crabjuice
0:28 Loom
13:02 Feudal Age
13:52 Horse Collar
13:58 Double-Bit Axe
16:53 Wheelbarrow
20:00 Castle Age
19:36 Stone Mining
22:14 Stone Shaft Mining
21:54 Bow Saw
22:59 Heavy Plow
23:55 Scale Barding Armor
25:03 Gold Mining
28:33 Imperial Age
26:29 Town Watch
26:59 Fishing Lines
27:36 Gillnets
28:08 Szlachta Privileges
28:27 Chain Barding Armor
28:18 Forging
29:34 Conscription
29:34 Husbandry
31:56 Cavalier
35:52 Bloodlines
37:12 Iron Casting
39:03 Blast Furnace
42:07 Hoardings
40:59 Pikeman
41:40 Squires
45:19 Chemistry
44:31 Fortified Wall
44:02 Treadmill Crane
47:59 Crop Rotation
48:11 Elite Obuch
53:32 Scale Mail Armor
Sgt. Shaftoe
11:24 Feudal Age
15:15 Castle Age
13:16 Double-Bit Axe
23:52 Horse Collar
25:07 Bow Saw
24:43 Fishing Lines
26:13 Wheelbarrow
25:24 Town Watch
25:25 Loom
25:48 Gold Mining
25:49 Stone Mining
27:14 Caravan
30:40 Imperial Age
29:02 Forging
28:53 Scale Mail Armor
28:43 Fletching
28:49 Man-at-Arms
29:30 Squires
30:58 Iron Casting
30:04 Long Swordsman
31:15 Masonry
31:00 Murder Holes
31:24 Chain Mail Armor
30:47 Two-Handed Swordsman
32:18 Conscription
32:11 Anarchy
32:11 Perfusion
32:44 Heavy Plow
32:34 Elite Skirmisher
33:21 Padded Archer Armor
33:17 Bodkin Arrow
33:25 Gillnets
37:14 Hand Cart
36:59 Town Patrol
37:31 Crop Rotation
37:56 Capped Ram
39:50 Blast Furnace
38:51 Bracer
40:32 Two-Man Saw
40:05 Architecture
40:36 Chemistry
39:56 Ballistics
39:12 Elite Huskarl
39:25 Champion
39:26 Pikeman
41:05 Leather Archer Armor
49:27 Heated Shot
50:41 Light Cavalry
51:32 Bloodlines
57:32 Halberdier
57:39 Halberdier
62:00 Hussar
63:14 Husbandry
64:37 Husbandry
AK 47
0:35 Loom
12:35 Feudal Age
20:27 Castle Age
22:21 Horse Collar
22:27 Double-Bit Axe
25:21 Bow Saw
28:13 Fletching
30:26 Bodkin Arrow
37:26 Wheelbarrow
43:56 Imperial Age
42:05 Gold Mining
43:44 Scale Barding Armor
46:00 Bloodlines
46:14 Chain Barding Armor
45:39 Onager
49:23 Chemistry
48:18 Town Watch
48:49 Hand Cart
55:53 Plate Barding Armor
55:19 Scale Mail Armor
56:48 Bracer
58:50 Chain Mail Armor
LARRI CAVERGA
12:50 Feudal Age
17:20 Castle Age
17:20 Double-Bit Axe
23:01 Forging
28:56 Imperial Age
28:10 Wheelbarrow
27:14 Elite Skirmisher
31:43 Fletching
39:32 Iron Casting
40:30 Elite Throwing Axeman
43:14 Blast Furnace
44:01 Hand Cart
44:15 #83
44:04 Bodkin Arrow
46:20 Conscription
46:14 Gold Mining
54:34 Chemistry
55:55 Scale Mail Armor
56:42 Hoardings
60:06 Chain Mail Armor
60:11 Caravan
62:25 Ballistics
62:18 Masonry
61:59 Gambesons
CrookCrab8029
0:27 Loom
11:36 Feudal Age
13:53 Town Watch
16:26 Castle Age
16:10 Scale Mail Armor
16:12 Double-Bit Axe
17:35 Wheelbarrow
17:52 Chain Mail Armor
18:03 Arson
18:59 Forging
20:25 Squires
22:08 Iron Casting
24:01 Horse Collar
24:35 Bow Saw
26:13 Gold Mining
27:34 Wheelbarrow
30:26 Pikeman
32:34 Hand Cart
35:12 Imperial Age
34:44 Fletching
34:54 Padded Archer Armor
37:07 Plate Mail Armor
37:39 Blast Furnace
36:09 Heavy Scorpion
37:58 Heavy Plow
37:55 Halberdier
42:03 Gold Shaft Mining
41:18 Stone Mining
43:00 Bodkin Arrow
43:20 Leather Archer Armor
44:18 Two-Man Saw
45:04 Ballistics
45:44 Chemistry
44:26 Treadmill Crane
44:57 Onager
50:02 Murder Holes
50:18 Masonry
51:05 Stone Shaft Mining
60:38 Caravan
61:25 Bracer
61:59 Conscription
61:45 Sitting Tiger
62:40 Architecture
Nyro
7:08 Loom
10:35 Feudal Age
11:04 Double-Bit Axe
16:06 Castle Age
14:17 Horse Collar
14:50 Fletching
15:01 Padded Archer Armor
15:05 Double-Bit Axe
16:04 Gold Mining
21:09 Bodkin Arrow
22:49 Leather Archer Armor
22:15 Crossbowman
24:26 Heavy Plow
25:22 Stone Mining
26:38 Squires
32:15 Imperial Age
29:40 Arson
29:41 Gambesons
29:17 Man-at-Arms
30:54 Gold Shaft Mining
30:39 Scale Mail Armor
30:50 Forging
31:07 Ballistics
32:34 Town Watch
34:39 Chemistry
33:41 Bracer
34:12 Ring Archer Armor
33:06 Long Swordsman
33:59 Bow Saw
34:12 Bogsveigar
35:22 Conscription
36:02 Elite Berserk
37:30 Chain Mail Armor
37:51 Iron Casting
37:22 Chieftains
39:14 Plate Mail Armor
39:17 Heavy Scorpion
40:31 Two-Handed Swordsman
43:10 Champion
49:07 Caravan
53:06 Blast Furnace
hidalGGO_36
0:32 Loom
12:23 Feudal Age
15:29 Double-Bit Axe
21:06 Castle Age
20:23 Forging
20:13 Scale Mail Armor
19:36 Man-at-Arms
21:11 Long Swordsman
23:34 Pikeman
27:43 Chain Mail Armor
28:50 Iron Casting
35:47 Stone Mining
40:14 Fletching
40:30 Horse Collar
54:46 Gold Mining
55:27 Murder Holes
58:16 Bodkin Arrow
61:30 Imperial Age
61:45 Imperial Age
60:08 Scale Barding Armor
61:26 Bloodlines
61:16 Husbandry
61:54 Cavalier
TUSHIRO
0:33 Loom
14:02 Feudal Age
18:37 Castle Age
17:20 Double-Bit Axe
17:31 Gold Mining
20:02 Bow Saw
20:20 Padded Archer Armor
20:11 Fletching
22:57 Bodkin Arrow
25:38 Leather Archer Armor
27:29 Town Watch
32:34 Imperial Age
36:18 Elite Steppe Lancer
36:59 Husbandry
37:09 Bloodlines
45:59 Scale Barding Armor
46:38 Forging
49:00 Heavy Camel Rider
52:40 Conscription
51:41 Elite Mangudai
57:22 Light Cavalry
59:47 Caravan
60:03 Hussar
65:17 Ballistics
Connection lost

Rejoining the realm…

Still unreachable

The connection could not be restored.

Session expired

The server has moved on; the page needs a fresh start.